AoeStats
← VLC | DafeKhan

Four Lakes

508537416Analyzed
1v1 RM · 10d ago on Sep 22, 2026· 25m 37s· 2 players
Game mode
Random Map
Map size
Tiny (2 player)
Population
200
Speed
Normal
Resources
Standard
Victory
Conquest
Starting age
Dark Age
Ending age
Imperial Age
RankedLock teamsTeams togetherTeam positionsShared explorationLock speedFull tech treeHidden civsTurbo modeCheats
Victory
Defeat
🇺🇸 Mongols · United States
1641
+14
🇨🇴 Hindustanis · Colombia
1594
-14
VLC | DafeKhan
6:02 Loom
11:14 Feudal Age
17:31 Fletching
17:43 Padded Archer Armor
18:16 Double-Bit Axe
21:09 Castle Age
22:03 Bodkin Arrow
21:35 Elite Skirmisher
22:52 Leather Archer Armor
25:05 Bow Saw
JimothyB
9:08 Feudal Age
9:35 Feudal Age
10:01 Loom
9:44 Man-at-Arms
12:27 Town Watch
14:43 Double-Bit Axe
15:08 Fletching
15:14 Gold Mining
15:19 Fishing Lines
19:26 Castle Age
18:50 Forging
19:42 Bloodlines
19:27 Crossbowman
20:03 Bodkin Arrow
20:24 Bow Saw
21:20 Husbandry
21:59 Horse Collar
21:45 Light Cavalry
23:35 Scale Barding Armor
23:31 Gillnets
24:48 Wheelbarrow
Connection lost

Rejoining the realm…

Still unreachable

The connection could not be restored.

Session expired

The server has moved on; the page needs a fresh start.